 Dungeon Crawl Stone Soup version 0.31-a0-523-g071a6c1ffa (webtiles) character file.

Game seed: 18277017582561062578

1713 cforsyth the Charlatan (level 9, -2/66 HPs)
             Began as a Gnoll Artificer on Aug 11, 2023.
             Succumbed to a scorpion's poison
             ... on level 6 of the Dungeon.
             The game lasted 00:09:50 (7348 turns).

cforsyth the Charlatan (Gnoll Artificer)            Turns: 7348, Time: 00:09:51

Health: -2/66      AC: 10    Str: 11    XL:     9   Next: 4%
Magic:  14/14      EV:  8    Int: 14    God:
Gold:   307        SH:  0    Dex: 20    Spells: 15/15 levels left

rFire   . . .        p - +2 dagger (flame)
rCold   . . .        (no shield)
rNeg    . . .        t - +0 chain mail
rPois   .            (no helmet)
rElec   .            (no cloak)
rCorr   .            (no gloves)
SInv    +            (no boots)
Will    .....        (no amulet) Stlth
                     o - ring of see invisible
HPRegen 0.31/turn    x - +6 ring of dexterity
MPRegen 0.14/turn

%: no passive effects
@: lethally poisoned (-2 -> -15)
A: fangs 1, strong nose, distributed training
a: no special abilities


You were on level 6 of the Dungeon.
You visited 1 branch of the dungeon, and saw 6 of its levels.

You collected 307 gold pieces.

Inventory:

Hand Weapons
 a - a +0 club
 p - a +2 dagger of flaming (weapon)
 y - a +2 dagger of holy wrath
Missiles
 v - a curare-tipped dart
Armour
 b - a +0 leather armour
 t - a +0 chain mail (worn)
Jewellery
 o - a ring of see invisible (left hand)
 u - a +6 ring of dexterity
 w - a ring of resist corrosion
 x - a +6 ring of dexterity (right hand)
Wands
 c - a wand of flame (9) (quivered)
 d - a wand of charming (10)
 e - a wand of iceblast (8)
Scrolls
 i - a scroll of teleportation {unknown}
 j - a scroll of revelation {unknown}
 k - 2 scrolls of enchant armour {unknown}
 m - a scroll of fear {unknown}
 n - 5 scrolls of identify {unknown}
Potions
 f - a potion of lignification {unknown}
 g - 2 potions of berserk rage {unknown}
 h - 3 potions of curing {unknown}
 l - 4 potions of brilliance {unknown}
 q - a potion of enlightenment {unknown}
 r - a potion of mutation {unknown}
 s - 2 potions of attraction {unknown}
 z - a potion of cancellation {unknown}


   Skills:
 + Level 4.7 Fighting
 + Level 3.9 Short Blades
 + Level 3.9 Long Blades
 + Level 3.9 Axes
 + Level 3.9 Maces & Flails
 + Level 3.9 Polearms
 + Level 3.9 Staves
 + Level 3.9 Ranged Weapons
 + Level 3.9 Throwing
 + Level 6.1 Armour
 + Level 4.7 Dodging
 + Level 4.6 Stealth
 + Level 3.9 Shields
 + Level 3.9 Unarmed Combat
 + Level 3.9 Spellcasting
 + Level 3.2 Conjurations
 + Level 3.2 Hexes
 + Level 3.2 Summonings
 + Level 3.2 Necromancy
 + Level 3.2 Translocations
 + Level 3.2 Transmutations
 + Level 3.2 Fire Magic
 + Level 3.2 Ice Magic
 + Level 3.2 Air Magic
 + Level 3.2 Earth Magic
 + Level 3.2 Poison Magic
 + Level 4.3 Invocations
 + Level 7.7 Evocations
 + Level 3.2 Shapeshifting


You had 15 spell levels left.
You didn't know any spells.
Your spell library contained the following spells:

 Spells                   Type           Power      Damage    Failure   Level
 Magic Dart               Conj           44%        1d5       75%         1
 Cigotuvi's Dreadful Rot  Necr/Pois/Air  22%        N/A       87%         2
 Searing Ray              Conj           22%        2d5       87%         2
 Ignite Poison            Fire/Tmut/Pois 11%        N/A       98%         3
 Fulminant Prism          Conj/Hex       5%         3d7       100%        4
 Freezing Cloud           Conj/Ice/Air   5%         6-21      100%        5
 Iskenderun's Battlesphe  Conj           11%        2d7       100%        5
 Leda's Unmaking          Conj/Erth      5%         9d2       100%        6
 Spellforged Servitor     Conj/Summ      5%         N/A       100%        7


Dungeon Overview and Level Annotations

Branches:
Dungeon (6/15)
 Temple: D:4-7

Altars:
Kikubaaqudgha
Nemelex Xobeh

Annotations:
D:2 1 runed translucent door, Crazy Yiuf


Innate Abilities, Weirdness & Mutations

You have very sharp teeth.
Your uncanny sense of smell can sniff out nearby items.
Your experience applies equally to all skills.


Message History

The scorpion stings you but does no damage.
The ogre hits you with a +0 giant club!
You barely miss the scorpion.
The scorpion is almost dead.
You feel very sick. The scorpion stings you.
You are more poisoned.
The scorpion poisons you!
You are too injured to fight recklessly!
The scorpion attacks as you move away! The scorpion completely misses you.
You feel very sick.
* * * LOW HITPOINT WARNING * * *
You feel very sick. The scorpion barely misses you.
The scorpion attacks as you move away! The scorpion completely misses you.
* * * LOW HITPOINT WARNING * * *
You feel very sick.
You feel very sick.
Aiming: Charm
Press: ? - help, Shift-Dir - straight line, f - scorpion
Aim: a scorpion (almost dead, chance to affect: 67%)
The scorpion struggles to resist.
You feel sick. The scorpion stings you.
* * * LOW HITPOINT WARNING * * *
You are lethally poisoned!
The scorpion poisons you!
Aiming: Charm
Press: ? - help, Shift-Dir - straight line, f/p - scorpion
Aim: a scorpion (almost dead, chance to affect: 67%)
The scorpion is charmed.
* * * LOW HITPOINT WARNING * * *
You feel very sick.
The ogre hits your scorpion with a +0 giant club!
Your scorpion dies!
Aiming: Charm
Press: ? - help, Shift-Dir - straight line, f - ogre
Aim: an ogre, wielding a +0 giant club (chance to affect: 67%)
The ogre is charmed.
* * * LOW HITPOINT WARNING * * *
You feel very sick.
You die...

....#.............
................#
.................
..#.....#....####
#.....z.#.......#..
#.......zO.....#...
#.......#†.##.....#
##......#.## ...#.
#......#@## #.....
###..........##......
#..........#.........
>.......####.........
##...#................
###..................... ∆
#..........................#
#..........................#
#...<.D...................##


You could see a wight and a friendly ogre (charmed).

Vanquished Creatures
  Duvessa (D:5)
  A black bear (D:5)
  2 ice beasts (D:5)
  2 ogres
  2 centaurs (D:5)
  2 phantoms
  A kobold brigand (D:4)
  A bullfrog (D:5)
  3 scorpions (D:5)
  Dowan (D:5)
  A howler monkey (D:4)
  2 jellies (D:2)
  A hound (D:4)
  A sleepcap (D:5)
  Ijyb (D:3)
  4 iguanas
  2 orc wizards (D:3)
  2 adders
  A shadow imp (D:5)
  A white imp (D:4)
  An ufetubus (D:5)
  A worm (D:2)
  3 dart slugs
  4 orcs (D:3)
  7 ball pythons
  13 endoplasms
  4 giant cockroaches
  7 goblins
  5 hobgoblins
  2 jackals (D:1)
  15 kobolds
  3 quokkas
  3 bats
  3 frilled lizards (D:1)
  2 rats
105 creatures vanquished.

Vanquished Creatures (collateral kills)
  An adder (D:5)
1 creature vanquished.

Vanquished Creatures (others)
  A scorpion (D:6)
1 creature vanquished.

Grand Total: 107 creatures vanquished

Notes
Turn   | Place    | Note
-------+----------+-------------------------------------------
     0 | D:1      | cforsyth the Gnoll Artificer began the quest for the Orb.
     0 | D:1      | Reached XP level 1. HP: 17/17 MP: 1/1
   122 | D:1      | Reached XP level 2. HP: 23/23 MP: 2/2
   837 | D:1      | Reached XP level 3. HP: 21/28 MP: 3/3
  1012 | D:2      | Reached skill level 1 in Invocations
  1161 | D:2      | Found a faded altar of an unknown god.
  1165 | D:2      | Found a sparkling altar of Nemelex Xobeh.
  1693 | D:2      | Reached skill level 1 in Short Blades
  1693 | D:2      | Reached skill level 1 in Long Blades
  1693 | D:2      | Reached skill level 1 in Axes
  1693 | D:2      | Reached skill level 1 in Maces & Flails
  1693 | D:2      | Reached skill level 1 in Polearms
  1693 | D:2      | Reached skill level 1 in Staves
  1693 | D:2      | Reached skill level 1 in Ranged Weapons
  1693 | D:2      | Reached skill level 1 in Throwing
  1693 | D:2      | Reached skill level 1 in Shields
  1693 | D:2      | Reached skill level 1 in Unarmed Combat
  1693 | D:2      | Reached skill level 1 in Spellcasting
  1713 | D:2      | Found a runed translucent door.
  1714 | D:2      | Noticed Crazy Yiuf
  1907 | D:2      | Reached XP level 4. HP: 32/34 MP: 5/5
  1940 | D:2      | Reached skill level 1 in Conjurations
  1940 | D:2      | Reached skill level 1 in Hexes
  1940 | D:2      | Reached skill level 1 in Summonings
  1940 | D:2      | Reached skill level 1 in Necromancy
  1940 | D:2      | Reached skill level 1 in Translocations
  1940 | D:2      | Reached skill level 1 in Transmutations
  1940 | D:2      | Reached skill level 1 in Fire Magic
  1940 | D:2      | Reached skill level 1 in Ice Magic
  1940 | D:2      | Reached skill level 1 in Air Magic
  1940 | D:2      | Reached skill level 1 in Earth Magic
  1940 | D:2      | Reached skill level 1 in Poison Magic
  1940 | D:2      | Reached skill level 1 in Shapeshifting
  1943 | D:2      | Reached XP level 5. HP: 40/40 MP: 5/7
  2651 | D:3      | Noticed Ijyb
  2668 | D:3      | Killed Ijyb
  3071 | D:4      | Noticed a phantom
  3072 | D:4      | Noticed an ogre
  3084 | D:4      | Killed an ogre
  3085 | D:4      | Reached skill level 5 in Armour
  3085 | D:4      | Reached XP level 6. HP: 25/47 MP: 7/9
  3444 | D:4      | Reached XP level 7. HP: 12/52 MP: 10/10
  3769 | D:4      | Reached skill level 7 in Evocations
  4473 | D:4      | Found an ancient bone altar of Kikubaaqudgha.
  4571 | D:5      | Entered Level 5 of the Dungeon
  4572 | D:5      | Upgraded the game from 0.31-a0-521-gc7390f8997 to
                  | 0.31-a0-523-g071a6c1ffa
  4597 | D:5      | Noticed Duvessa
  4597 | D:5      | Noticed Dowan
  4601 | D:5      | Killed Duvessa
  4601 | D:5      | Killed Dowan
  4986 | D:5      | Reached XP level 8. HP: 51/60 MP: 12/12
  7123 | D:6      | Reached XP level 9. HP: 8/66 MP: 14/14
  7347 | D:6      | HP: 2/66 [poisoned by a scorpion]
  7348 | D:6      | Succumbed to a scorpion's poison

Illustrated notes

Levels and vault maps discovered:
D:1:      lightli_arrival_maybe_door_vault, layout_basic,
          chequers_serial_rivers_room_b
D:2:      cheibrodos_fertilizer, layout_basic, basic_altar,
          basic_ecumenical_altar, uniq_crazy_yiuf_cottage
D:3:      layout_loops_ring, kennysheep_decorative_pillar, uniq_ijyb
D:4:      layout_basic, mainiacjoe_overflow_surrounded_room,
          serial_co_window_serial, co_window_corner_a, co_window_paths_a,
          co_window_paths_b, co_window_of_opportunity_a, co_window_corner_a,
          co_window_corner_a, co_window_2corner, co_window_corner_ca,
          co_window_unsneaky_path_b, glass_columns_a, glass_columns_a
D:5:      layout_basic, kennysheep_potato, uniq_duvessa
D:6:      layout_cave_pools, mainiacjoe_overflow_boulevard,
          grunt_dithmenos_smoke_and_mirrors, minmay_temple_entry_arrows,
          ebering_ghost_rock_garden, item_on_display_a, uniq_grinder

Skill      XL: |  1  2  3  4  5  6  7  8 |
---------------+-------------------------+-----
Invocations    | 1 2 3 4 |  4.3
Short Blades   | 1 2 3 |  3.9
Long Blades    | 1 2 3 |  3.9
Axes           | 1 2 3 |  3.9
Maces & Flails | 1 2 3 |  3.9
Polearms       | 1 2 3 |  3.9
Staves         | 1 2 3 |  3.9
Ranged Weapons | 1 2 3 |  3.9
Throwing       | 1 2 3 |  3.9
Shields        | 1 2 3 |  3.9
Unarmed Combat | 1 2 3 |  3.9
Spellcasting   | 1 2 3 |  3.9
Conjurations   | 1 2 3 |  3.2
Hexes          | 1 2 3 |  3.2
Summonings     | 1 2 3 |  3.2
Necromancy     | 1 2 3 |  3.2
Translocations | 1 2 3 |  3.2
Transmutations | 1 2 3 |  3.2
Fire Magic     | 1 2 3 |  3.2
Ice Magic      | 1 2 3 |  3.2
Air Magic      | 1 2 3 |  3.2
Earth Magic    | 1 2 3 |  3.2
Poison Magic   | 1 2 3 |  3.2
Shapeshifting  | 1 2 3 |  3.2
Fighting       | 3 4 |  4.7
Dodging        | 3 4 |  4.7
Armour         | 5 6 |  6.1
Stealth        | 3 4 |  4.6
Evocations     | 7 |  7.7

Action                     |  1- 3 |  4- 6 |  7- 9 || total
---------------------------+-------+-------+-------++-------
  Melee: Club              |   148 |       |       ||   148
         Bite              |    11 |    10 |    39 ||    60
         Punch             |     5 |     2 |     8 ||    15
         Dagger            |    25 |   108 |   257 ||   390
  Evoke: Wand              |     4 |    10 |    27 ||    41
   Stab: Sleeping          |     6 |       |       ||     6
 Armour: Leather armour    |    48 |    17 |       ||    65
         Chain mail        |       |    21 |   163 ||   184
  Dodge: Dodged            |   140 |    58 |    78 ||   276

Table legend: (Time is in decaauts)
 A = Elapsed time spent in this place.
 B = Non-inter-level travel time spent in this place.
 C = Inter-level travel time spent in this place.
 D = Time resting spent in this place.
 E = Time spent auto-exploring this place.
 F = Levels seen in this place.
 G = Mean time per level.
                   A        B        C        D        E       F      G
               +--------+--------+--------+--------+--------+-----+--------+
         Total |   7351 |   6985 |    366 |    813 |   5064 |   6 | 1225.2 |
       Dungeon |   7351 |   6985 |    366 |    813 |   5064 |   6 | 1225.2 |
               +--------+--------+--------+--------+--------+-----+--------+

Top non-repeatable levels by time:
     D:5: 2360 daAuts
     D:4: 1336 daAuts
     D:2: 1163 daAuts
     D:1: 1137 daAuts
     D:3: 1090 daAuts
     D:6: 262 daAuts
